AoeStats
← ME BANEARON EN EL LOL

Arena

510221853Analyzed
4v4 RM · 12h ago on Sep 30, 2026· 82m 28s· 8 players
Game mode
Random Map
Map size
Large (8 player)
Population
200
Speed
Normal
Resources
Standard
Victory
Conquest
Starting age
Dark Age
Ending age
Imperial Age
RankedLock teamsTeams togetherTeam positionsShared explorationLock speedFull tech treeHidden civsTurbo modeCheats
Victory
Defeat
🇺🇸 Spanish · United States
781
+15
🇲🇽 Britons · Mexico
735
+17
🇧🇷 Franks · Brazil
731
+17
🇹🇷 Turks · Türkiye
702
+19
🇳🇱 Spanish · Netherlands
807
-18
🇨🇱 Khmer · Chile
778
-18
🇨🇳 Goths · China
772
-18
🇦🇷 Tupi · Argentina
685
-14
Dookie Master
11:38 Feudal Age
9:54 Loom
12:11 Double-Bit Axe
15:45 Castle Age
13:37 Horse Collar
13:50 Fletching
14:34 Scale Mail Armor
16:52 Padded Archer Armor
18:54 Bow Saw
22:01 Wheelbarrow
25:22 Heavy Plow
26:20 Ballistics
26:08 Town Watch
28:30 Squires
29:15 Bodkin Arrow
29:36 Leather Archer Armor
29:28 Scale Barding Armor
29:42 Bloodlines
29:45 Husbandry
30:14 Forging
30:20 Chain Mail Armor
33:25 Imperial Age
31:21 Hand Cart
34:36 Conscription
33:43 Capped Ram
35:23 Ring Archer Armor
34:53 Bracer
35:04 Cavalier
39:12 Chemistry
38:22 Masonry
38:36 Chain Barding Armor
38:52 Iron Casting
38:48 Plate Mail Armor
38:09 Elite Conquistador
39:37 Supremacy
41:09 Caravan
46:07 Hoardings
46:46 Two-Man Saw
46:42 Elite Skirmisher
47:27 Thumb Ring
70:49 Architecture
71:24 Blast Furnace
71:00 Plate Barding Armor
79:10 Sappers
La Morte Noire
11:05 Feudal Age
14:43 Castle Age
13:26 Double-Bit Axe
13:24 Horse Collar
14:51 Wheelbarrow
18:16 Bow Saw
18:48 Heavy Plow
23:20 Gold Mining
23:20 Stone Mining
25:13 Gold Shaft Mining
29:30 Imperial Age
27:05 Fletching
27:16 Padded Archer Armor
28:09 Ballistics
27:49 Bodkin Arrow
28:40 Hand Cart
28:48 Leather Archer Armor
30:23 Bracer
30:53 Ring Archer Armor
31:40 Chemistry
32:02 Two-Man Saw
32:41 Yeomen
32:51 Conscription
32:46 Elite Longbowman
34:41 Warwolf
40:30 Siege Engineers
40:36 Fortified Wall
40:22 Murder Holes
40:38 Masonry
40:09 Treadmill Crane
41:11 Hoardings
40:06 Sappers
46:18 Onager
LookVil
10:00 Feudal Age
16:49 Castle Age
15:02 Double-Bit Axe
16:32 Wheelbarrow
16:12 Loom
17:59 Gold Mining
18:21 Bow Saw
17:41 Light Cavalry
22:46 Forging
22:43 Scale Barding Armor
24:40 Hand Cart
25:33 Caravan
30:22 Iron Casting
30:08 Chain Barding Armor
29:56 Husbandry
33:44 Gold Shaft Mining
36:56 Imperial Age
37:00 Cavalier
39:49 Plate Barding Armor
39:41 Paladin
44:49 Onager
52:06 Blast Furnace
Dmitry Petrovich
15:31 Loom
17:16 Feudal Age
23:15 Castle Age
21:59 Fletching
22:11 Padded Archer Armor
24:45 Bloodlines
24:36 Husbandry
27:43 Fortified Wall
28:25 Murder Holes
29:03 Scale Barding Armor
29:33 Caravan
30:01 Masonry
30:13 Ballistics
31:58 Scale Mail Armor
36:22 Imperial Age
35:25 Coinage
35:11 Forging
36:01 Wheelbarrow
35:56 Town Watch
38:42 Treadmill Crane
45:47 Hand Cart
66:58 Capped Ram
75:21 Iron Casting
75:02 Chain Mail Armor
77:05 Chain Barding Armor
77:45 Blast Furnace
79:57 Plate Mail Armor
80:02 Plate Barding Armor
79:24 Bodkin Arrow
79:44 Leather Archer Armor
79:25 Siege Ram
Big papi Nelis
10:30 Feudal Age
16:12 Castle Age
14:36 Double-Bit Axe
17:09 Bow Saw
20:16 Loom
26:57 Fervor
27:43 Wheelbarrow
27:07 Stone Mining
27:10 Gold Mining
27:49 Husbandry
28:00 Bloodlines
29:30 Stone Shaft Mining
29:43 Padded Archer Armor
29:51 Scale Barding Armor
29:56 Forging
30:29 Sanctity
30:37 Hand Cart
33:21 Imperial Age
32:11 Leather Archer Armor
34:10 Chain Barding Armor
34:36 Conscription
33:38 Elite Conquistador
35:11 Ring Archer Armor
35:01 Chain Barding Armor
34:48 Fletching
38:46 Caravan
50:43 Bodkin Arrow
51:25 Plate Barding Armor
51:25 Iron Casting
50:55 Scale Mail Armor
76:39 Elite Skirmisher
77:27 Thumb Ring
ME BANEARON EN EL LOL
9:36 Feudal Age
11:51 Double-Bit Axe
16:07 Castle Age
14:16 Horse Collar
18:25 Bow Saw
18:55 Stone Mining
20:55 Gold Mining
27:37 Imperial Age
27:47 Wheelbarrow
28:08 Caravan
28:02 Loom
30:11 Hand Cart
31:45 Town Watch
33:43 Town Patrol
34:41 Double Crossbow
34:03 Elite Ballista Elephant
35:22 Husbandry
34:43 Cavalier
35:35 Bloodlines
37:10 Light Cavalry
39:26 Ballistics
40:07 Chemistry
45:04 Hussar
60:30 Fletching
60:40 Padded Archer Armor
61:00 Elite Skirmisher
69:21 Scale Mail Armor
69:33 Forging
69:29 Scale Barding Armor
72:48 Pikeman
74:19 Bodkin Arrow
75:03 Iron Casting
74:44 Chain Mail Armor
76:48 Chain Barding Armor
欧皇
0:54 Loom
11:30 Feudal Age
18:07 Castle Age
20:12 Double-Bit Axe
20:46 Horse Collar
21:47 Stone Mining
23:54 Bow Saw
23:35 Town Watch
26:04 Wheelbarrow
25:42 Treadmill Crane
26:16 Gold Mining
27:42 Fletching
31:23 Imperial Age
33:09 Conscription
34:13 Perfusion
36:06 Anarchy
38:03 Forging
37:54 Scale Mail Armor
67:40 Pikeman
DiamanteX3191
10:28 Loom
12:38 Feudal Age
13:54 Wheelbarrow
13:04 Town Watch
13:09 Double-Bit Axe
13:06 Horse Collar
14:08 Gold Mining
17:53 Castle Age
15:59 Stone Mining
19:16 Town Watch
20:01 Heavy Plow
20:23 Bow Saw
22:47 Hand Cart
23:37 Squires
24:25 Gold Shaft Mining
29:36 Imperial Age
29:48 Imperial Age
28:17 Ballistics
27:53 Murder Holes
27:54 Guard Tower
30:22 Fletching
30:16 Elite Blackwood Archer
31:15 Fletching
32:15 Bodkin Arrow
34:05 Two-Man Saw
33:10 Bracer
33:38 Padded Archer Armor
35:46 Chemistry
35:03 Leather Archer Armor
35:12 Champi Runner
36:17 Conscription
36:45 Curare
39:07 Ring Archer Armor
38:45 Champi Warrior
39:35 Elite Champi Warrior
41:43 Caciques
42:23 Scale Mail Armor
42:34 Forging
43:24 Chain Mail Armor
44:39 Iron Casting
48:10 Plate Mail Armor
47:54 Treadmill Crane
65:01 Arson
66:34 Keep
Connection lost

Rejoining the realm…

Still unreachable

The connection could not be restored.

Session expired

The server has moved on; the page needs a fresh start.